 Dungeon Crawl Stone Soup version 0.24.0-37-gcf1ca852f1 (webtiles) character file.

Game seed: 17277406170362569535, levelgen mode: deterministic

119 Kobolds4U the Conjurer (level 4, -12/30 HPs)
             Began as a Demonspawn Wizard on Nov 24, 2019.
             Mangled by an ogre
             ... wielding a +0 giant club
              (31 damage)
             ... on level 4 of the Dungeon.
             The game lasted 00:11:12 (3271 turns).

Kobolds4U the Conjurer (Demonspawn Wizard)          Turns: 3271, Time: 00:11:12

Health: -12/30     AC:  5    Str:  7    XL:     4   Next: 73%
Magic:  2/8        EV: 12    Int: 20    God:
Gold:   147        SH:  0    Dex: 12    Spells: 2/9 levels left

rFire    . . .     SeeInvis .   k - +0 dagger
rCold    . . .     Gourm    .   (no shield)
rNeg     . . .     Faith    .   a - +0 robe
rPois    .         Spirit   .   b - +0 hat
rElec    .         Reflect  .   (no cloak)
rCorr    +         Harm     .   j - +0 pair of gloves (curse)
MR       .....                  (no boots)
Stlth    +.........             (no amulet)
HPRegen  0.10/turn              i - ring of resist corrosion
MPRegen  0.11/turn              q - ring of attention (curse)

@: very slightly contaminated
A: molten scales 1, spiny 1
a: no special abilities


You were on level 4 of the Dungeon.
You were not hungry.

You visited 1 branch of the dungeon, and saw 4 of its levels.

You collected 147 gold pieces.

Inventory:

Hand Weapons
 k - a +0 dagger (weapon)
Armour
 a - a +0 robe (worn)
 b - a +0 hat (worn)
 j - a cursed +0 pair of gloves (worn)
Jewellery
 i - a ring of resist corrosion (left hand)
 q - a cursed ring of attention (right hand)
Scrolls
 f - 2 scrolls of fear {unknown}
 h - 3 scrolls of remove curse {unknown}
 m - 2 scrolls of blinking {unknown}
 n - 5 scrolls of identify {unknown}
Potions
 e - a potion of mutation {unknown}
 g - 5 potions of curing {unknown}
 l - 2 potions of heal wounds {unknown}
 o - a potion of flight {unknown}
 p - 2 potions of lignification {unknown}
Comestibles
 c - a chunk of flesh
 d - 6 rations


   Skills:
 - Level 1.7 Dodging
 - Level 1.7 Stealth
 - Level 3.0 Spellcasting
 + Level 4.6 Conjurations
 - Level 1.0 Summonings
 - Level 0.8 Translocations


You had 2 spell levels left.
You knew the following spells:

 Your Spells              Type           Power        Failure   Level  Hunger
a - Magic Dart            Conj           ###.         1%          1    None
b - Blink                 Tloc           N/A          16%         2    ##.....
c - Call Imp              Summ           #.......     14%         2    ##.....
d - Slow                  Hex            #.......     22%         2    ##.....

Your spell library contained the following spells:

 Spells                   Type           Power        Failure   Level  Hunger
 Conjure Flame            Conj/Fire      ##......     16%         3    ###....
 Mephitic Cloud           Conj/Pois/Air  #.......     22%         3    ###....


Dungeon Overview and Level Annotations

Branches:
Dungeon (4/15)
 Temple: D:4-7

Altars:
Cheibriados
Wu Jian


Innate Abilities, Weirdness & Mutations

You are partially covered in molten scales. (AC +2)
You are partially covered in sharp spines.


Message History

Your crimson imp hits the ogre.
You barely miss the ogre.
The ogre is heavily wounded.
The ogre hits you with a +0 giant club!
Your crimson imp blinks!
You hit the ogre but do no damage.
The ogre is heavily wounded.
Your crimson imp hits the ogre but does no damage.
Unknown command.
You hit the ogre.
The ogre is heavily wounded.
The ogre barely misses you.
Your crimson imp hits the ogre.
You hit the ogre.
The ogre is severely wounded.
The ogre closely misses you.
Your crimson imp hits the ogre.
You hit the ogre.
The ogre is almost dead.
The ogre hits you with a +0 giant club!!
Ouch! That really hurt!
You die...

# #.#######.#
#.#.#.......#
#.#.#.#######
#...#.#
####.#.###
#........#
#......#.#
#...####.#
#@..# #.#
#O### #.# #5#
#.#
##.#####†#
#.#
....5..5.#
#.#
.........#
#..
.........#
###
.........#
.........#


You could see an ogre and 2 friendly crimson imps.

Vanquished Creatures
  3 adders
  An ooze (D:3)
  A dart slug (D:1)
  An orc (D:3)
  3 giant cockroaches
  7 goblins
  7 hobgoblins
  9 kobolds
  A quokka (D:4)
  A ball python (D:2)
  7 bats
  6 frilled lizards
  11 rats
58 creatures vanquished.

Vanquished Creatures (collateral kills)
  Jessica (D:3)
  2 adders
  A hobgoblin (D:3)
  A kobold (D:2)
  A rat (D:2)
6 creatures vanquished.

Grand Total: 64 creatures vanquished

Notes
Turn   | Place    | Note
-------+----------+-------------------------------------------
     0 | D:1      | Kobolds4U the Demonspawn Wizard began the quest for the
                  | Orb.
     0 | D:1      | Reached XP level 1. HP: 13/13 MP: 4/4
    33 | D:1      | Found a snail-covered altar of Cheibriados.
   225 | D:1      | Reached skill level 2 in Conjurations
   227 | D:1      | Gained mutation: You are partially covered in sharp spines.
                  | [demonic ancestry]
   227 | D:1      | Reached XP level 2. HP: 19/19 MP: 0/6
  1000 | D:2      | Learned a level 2 spell: Blink
  1003 | D:2      | Learned a level 2 spell: Call Imp
  1006 | D:2      | Learned a level 2 spell: Slow
  1008 | D:2      | Reached skill level 3 in Conjurations
  1011 | D:2      | Reached XP level 3. HP: 24/24 MP: 0/7
  2012 | D:3      | Found an ornate altar of the Wu Jian Council.
  2043 | D:3      | Gained mutation: You are partially covered in molten
                  | scales. (AC +2) [demonic ancestry]
  2043 | D:3      | Reached XP level 4. HP: 30/30 MP: 1/8
  2052 | D:3      | Reached skill level 4 in Conjurations
  2525 | D:3      | Noticed Jessica
  2819 | D:3      | Killed Jessica
  3252 | D:4      | Noticed an ogre
  3271 | D:4      | Mangled by an ogre

Levels and vault maps discovered:
D:1:      psy_arrival_fountain, layout_rooms, serial_corexii_hall,
          corexii_hall_statues_x, chequers_hall_statues_wall_a, st_stairs_11,
          cheibriados_altar_1
D:2:      wad_river_or_something, layout_basic
D:3:      layout_basic, old_standard_altar, first_ration, uniq_jessica
D:4:      cheibrodos_greedy_goblins, layout_basic, lexackson_kobold_supper

Skill      XL: |  1  2  3  4 |
---------------+-------------+-----
Conjurations   | 2 3 4 |  4.6
Dodging        | |  1.7
Stealth        | |  1.7
Spellcasting   | |  3.0
Summonings     | |  1.0
Translocations | |  0.8

Action                   |  1- 3 |  4- 6 || total
-------------------------+-------+-------++-------
Melee: Dagger            |     2 |    16 ||    18
       Unarmed           |     1 |       ||     1
 Cast: Magic Dart        |    84 |    20 ||   104
       Call Imp          |     5 |     6 ||    11
       Blink             |     1 |       ||     1
       Slow              |       |     1 ||     1
  Eat: Chunk             |     3 |     2 ||     5
       Ration            |       |     1 ||     1
Armor: Robe              |     9 |     3 ||    12
Dodge: Dodged            |    17 |    13 ||    30
